 Dungeon Crawl Stone Soup version 0.31.0-1-g2c135a008e (webtiles) character file.

Game seed: 6804237841925526678

44 qw the Shooter (level 3, -1/29 HPs)
             Began as a Djinni Hunter on Jan 24, 2024.
             Slain by Terence
             ... wielding a +0 heavy flail
              (8 damage)
             ... on level 1 of the Dungeon.
             The game lasted 00:00:03 (891 turns).

qw the Shooter (Djinni Hunter)                       Turns: 891, Time: 00:00:03

Health: -1/29      AC:  3    Str: 10    XL:     3   Next: 85%
Gold:   50         EV: 12    Int: 10    God:
                   SH:  0    Dex: 18

rFire   + + .        a - +2 shortbow
rCold   x . .        (shield currently unavailable)
rNeg    . . .        c - +0 leather armour
rPois   inf          (no helmet)
rElec   .            (no cloak)
rCorr   .            (no gloves)
SInv    .            (boots unavailable)
Will    .....        (no amulet)
Stlth   ++           (no ring)
HPRegen 0.24/turn    (no ring)
MPRegen 0.00/turn

%: infuse magic (-2 HP)
@: flying
A: sickness immunity, fire resistance 2, cold vulnerability 1, float, innate
caster, HP casting, extra vitality 1
a: no special abilities


You were on level 1 of the Dungeon.
You visited 1 branch of the dungeon, and saw 2 of its levels.

You collected 50 gold pieces.


Innate Abilities, Weirdness & Mutations

You are immune to sickness and miasma.
You are immune to poison.
Your flesh is very heat resistant. (rF++)
You are vulnerable to cold. (rC-)
You float through the air rather than walking.
You learn spells naturally, not from books.
Your magical power is your life essence.
You have superior vitality. (+4 MHP)


   Skills:
 + Level 2.7 Fighting
 - Level 4.0 Ranged Weapons
 - Level 2.1 Dodging
 - Level 0.7 Stealth


You knew the following spells:

 Your Spells              Type           Power      Damage    Failure   Level
a - Kiss of Death         Conj/Necr      0%         2d5       45%         1
Your spell library was empty.

Inventory:

Hand Weapons
 a - a +2 shortbow (weapon)
Armour
 c - a +0 leather armour (worn)
Potions
 e - a potion of might
 k - a potion of curing {unknown}

Dungeon Overview and Level Annotations

Branches:
Dungeon (2/15)

Altars:

Annotations:
D:1 Terence


Message History

Terence completely misses you.
You barely miss Terence.
Terence is moderately wounded.
Your transformation is almost over.
You touch Terence but do no damage.
Terence is moderately wounded.
Terence shouts, "Get ready for death!"
Terence hits you but does no damage.
You touch Terence but do no damage.
Terence is moderately wounded.
Terence closely misses you.
You touch Terence but do no damage.
Terence is moderately wounded.
You closely miss Terence.
Terence is moderately wounded.
Terence closely misses you.
You touch Terence but do no damage.
Terence is moderately wounded.
You barely miss Terence.
Terence is moderately wounded.
Terence closely misses you.
You touch Terence but do no damage.
Terence is moderately wounded.
Terence misses you.
You touch Terence but do no damage.
Terence is moderately wounded.
You touch Terence but do no damage.
Terence is moderately wounded.
You condense into your normal self.
Your +2 shortbow unmelds from your body.
Your +0 leather armour unmelds from your body.
Terence hits you with a +0 heavy flail!
You shoot an arrow. The arrow hits Terence.
Terence is heavily wounded.
Terence barely misses you.
You shoot an arrow. The arrow hits Terence.
Terence is severely wounded.
Terence hits you with a +0 heavy flail!
You die...
Terence says, "Time to find some more victims."

#########
##########.......#
...........#####.#
.##...###..# #.#
.##........# #.#
#.#........# #.#
##...####..#####.#
#.#...###.......@#
.......##.###.#@##
.##.....#.# #.#.#
..........# #.#.#
........### #.#.#
######.## #.#.#
..## #.######.#.#
#..# #......#.#.#
##.##########.#.#


You could see Terence.

Vanquished Creatures
  An adder (D:2)
  2 dart slugs (D:1)
  3 endoplasms
  4 giant cockroaches (D:1)
  3 goblins (D:1)
  4 hobgoblins
  A quokka (D:1)
  2 ball pythons (D:1)
  3 bats (D:1)
  2 frilled lizards (D:1)
  A kobold (D:1)
  3 rats (D:1)
29 creatures vanquished.

Notes
Turn   | Place    | Note
-------+----------+-------------------------------------------
     0 | D:1      | qw the Djinni Hunter began the quest for the Orb.
     0 | D:1      | Reached XP level 1. HP: 18/18 MP: 0/0
     0 | D:1      | 0 ||| qw: Version: 0.3-a-136-gdd3b4e8
     0 | D:1      | 0 ||| qw: Game counter: 1215
     0 | D:1      | 0 ||| qw: Melee chars always use a shield: true
     0 | D:1      | 0 ||| qw: God list: Okawaru
     0 | D:1      | 0 ||| qw: Allow faded altars: false
     0 | D:1      | 0 ||| qw: Do Orc after clearing Dungeon:15 true
     0 | D:1      | 0 ||| qw: Do second Lair branch before Depths: true
     0 | D:1      | 0 ||| qw: Lair rune preference: random
     0 | D:1      | 0 ||| qw: Goals: Normal
     0 | D:1      | 0 ||| PLANNING D:1-11
   116 | D:1      | Reached XP level 2. HP: 23/23 MP: 0/0
   300 | D:1      | Reached XP level 3. HP: 23/28 MP: 0/0
   300 | D:1      | Learned a level 1 spell: Kiss of Death
   303 | D:1      | Reached skill level 4 in Ranged Weapons
   641 | D:1      | Found a faded altar of an unknown god.
   733 | D:1      | 733 ||| READING 3 scrolls labelled RIPLYI ACUY.
   733 | D:1      | 733 ||| IDENTIFYING green potion
   734 | D:1      | 734 ||| READING 2 scrolls of identify.
   734 | D:1      | 734 ||| IDENTIFYING amethyst potion
   735 | D:1      | 735 ||| READING scroll of identify.
   735 | D:1      | 735 ||| IDENTIFYING glowing silvery potion
   736 | D:1      | 736 ||| READING scroll labelled ATEUMPEUKAH.
   737 | D:1      | 737 ||| READING scroll labelled VOECAKH FEZXUPS.
   740 | D:1      | 740 ||| READING 2 scrolls labelled XOOVEX EXYV.
   740 | D:1      | 740 ||| ENCHANTING +0 shortbow.
   741 | D:1      | 741 ||| READING scroll of enchant weapon.
   741 | D:1      | 741 ||| ENCHANTING +1 shortbow.
   742 | D:1      | 742 ||| DROPPING scroll of butterflies.
   743 | D:1      | 743 ||| DROPPING potion of magic.
   744 | D:1      | 744 ||| DROPPING potion of lignification.
   865 | D:2      | Noticed Terence
   868 | D:2      | 868 ||| FLEEEEING.
   869 | D:2      | 869 ||| FLEEEEING.
   870 | D:2      | 870 ||| FLEEEEING.
   871 | D:2      | 871 ||| FLEEEEING.
   872 | D:2      | 872 ||| FLEEEEING.
   873 | D:2      | 873 ||| STAIRDANCE
   889 | D:1      | HP: 7/29 [Terence/+0 heavy flail (14)]
   891 | D:1      | Slain by Terence

Levels and vault maps discovered:
D:1:      matt_arrival_diagonals, layout_loops_ring,
          hellmonk_ecumenical_altar_defaced_shrine, nicolae_titane
D:2:      layout_loops_ring, chequers_serial_rivers_micro_d, uniq_terence,
          uniq_sigmund

Skill      XL: |  1  2  3 |
---------------+----------+-----
Ranged Weapons | 4 |  4.0
Fighting       | |  2.7
Dodging        | |  2.1
Stealth        | |  0.7

Action                     || total
---------------------------++-------
  Melee: Unarmed           ||    15
   Fire: Shortbow          ||    60
    Use: Scroll            ||     7
 Armour: Leather armour    ||    10
         Skin              ||     2
  Dodge: Dodged            ||    20

Table legend:
 A = Non-vault XP
 B = Vault XP
 C = Vault XP percentage of total XP
 D = Non-vault monster count
 E = Vault monster count
 F = Vault count percentage of total count
                 A         B        C        D         E       F
            +---------+---------+-------+---------+---------+-------
      Total |      54 |       9 |  14.3 |      25 |       4 |  13.8
            +---------+---------+-------+---------+---------+-------
        D:1 |      35 |       9 |  20.5 |      21 |       4 |  16.0
        D:2 |      19 |       0 |   0.0 |       4 |       0 |   0.0
            +---------+---------+-------+---------+---------+-------
